 Dungeon Crawl Stone Soup version 0.18.1-8-gdd0e5ea (webtiles) character file.

385 Iamburgie the Bolt Thrower (level 6, -1/62 HPs)
             Began as a Troll Hunter on May 27, 2016.
             Slain by Azathoth19's ghost (6 damage)
             ... on level 4 of the Dungeon.
             The game lasted 00:09:04 (2940 turns).

Iamburgie the Bolt Thrower (Troll Hunter)           Turns: 2940, Time: 00:09:04

Health: -1/62      AC:  5    Str: 21    XL:     6   Next: 48%
Magic:  5/5        EV: 10    Int:  7    God:
Gold:   141        SH:  0    Dex: 12    Spells: 0 memorised, 5 levels left

rFire  . . .     SeeInvis .     (no weapon)
rCold  . . .     Gourm    +     c - +0 robe
rNeg   . . .     Faith    .     (no shield)
rPois  .         Spirit   .     (helmet restricted)
rElec  .         Dismiss  .     (no cloak)
rCorr  .         Reflect  .     (gloves unavailable)
SustAt .         Harm     .     (boots unavailable)
MR     .....                    (no amulet)
Stlth  +.........               (no ring)
                                (no ring)

@: very slightly contaminated, not resistant to hostile enchantments, very
unstealthy
A: unfitting armour, claws 3, fast metabolism 3, gourmand, regeneration 2,
shaggy fur 1, tough skin 2
a: no special abilities


You were on level 4 of the Dungeon.
You were very full.

You visited 1 branch of the dungeon, and saw 4 of its levels.
You also visited: Sewer.

You collected 141 gold pieces.

Inventory:

Hand Weapons
 a - a +1 hand crossbow
 b - a +0 short sword
Missiles
 d - 38 bolts
Armour
 c - a +0 robe (worn)
 i - a +1 robe of positive energy
Jewellery
 h - an uncursed ring of protection from fire {unknown}
 k - an uncursed amulet of magic regeneration {unknown}
 q - an uncursed ring of protection from fire {unknown}
 z - an uncursed amulet of regeneration {unknown}
Wands
 x - a wand of iceblast (12/15)
 y - a wand of hasting (3/9)
 G - a wand of iceblast (5/15)
Scrolls
 e - 3 scrolls of teleportation {unknown}
 l - 6 scrolls of identify {unknown}
 m - 2 scrolls of random uselessness {unknown}
 o - 4 scrolls of fear {unknown}
 p - 3 scrolls of noise {unknown}
 s - a scroll of fog {unknown}
 t - 2 scrolls of remove curse {unknown}
 u - a scroll of amnesia {unknown}
 C - a scroll of blinking {unknown}
Potions
 j - 2 potions of cure mutation {unknown}
 v - 3 potions of mutation {unknown}
 w - a potion of heal wounds {unknown}
 A - 3 potions of flight {unknown}
 B - a potion of might {unknown}
 D - 3 potions of magic {unknown}
 F - a potion of curing {unknown}
Comestibles
 f - 4 bread rations
 g - 3 beef jerkies
 n - a meat ration
 r - a royal jelly
 E - 7 chunks of flesh


   Skills:
 + Level 3.9 Fighting
 + Level 4.3 Crossbows
 - Level 1.8 Dodging
 - Level 0.4 Stealth
 - Level 0.2 Unarmed Combat


You had 5 spell levels left.
You didn't know any spells.

Dungeon Overview and Level Annotations

Branches:
Dungeon (4/15)
 Temple: D:4-7

Altars:
Ashenzari
Elyvilon
Nemelex Xobeh
Qazlal
Sif Muna

Annotations:
D:4 Azathoth19's ghost, novice OpTm


Innate Abilities, Weirdness & Mutations

You are too large for most types of armour.
You have claws for hands.
Your metabolism is lightning-fast.
You like to eat raw meat.
You heal very quickly.
You are covered in fur (AC +1).
You have very tough skin (AC +2).


Message History

You miss Azathoth19's ghost.
Azathoth19's ghost is heavily damaged.
You scratch Azathoth19's ghost.
Azathoth19's ghost is heavily damaged.
Azathoth19's ghost hits you.
* * * LOW HITPOINT WARNING * * *
You scratch Azathoth19's ghost.
Azathoth19's ghost is heavily damaged.
Azathoth19's ghost hits you.
* * * LOW HITPOINT WARNING * * *
You scratch Azathoth19's ghost.
Azathoth19's ghost is heavily damaged.
You miss Azathoth19's ghost.
Azathoth19's ghost is heavily damaged.
Azathoth19's ghost hits you but does no damage.
You miss Azathoth19's ghost.
Azathoth19's ghost is heavily damaged.
You feel yourself slow down. Azathoth19's ghost hits you.
You die...

#...≈≈≈....#
#####..≈≈≈≈≈...#
#......≈≈.≈≈...#
#......≈≈≈≈≈...#
#.......≈≈≈....#
#..............#
#..............#
#<.....####.##.# #@.....#
....# #W.....# #.####
.####......###..#
...............# #.
..............##### ..
.................##...##.
#................#.8.8.#.
#................#.._..#.
.##...............#.8...#.


You could see Azathoth19's ghost.

Vanquished Creatures
  2 big kobolds (Sewer)
  A hound (D:4)
  An orc priest (D:4)
  6 adders
  A river rat (D:3)
  2 oozes (Sewer)
  5 worms
  7 dart slugs
  3 giant geckos
  9 orcs
  3 ball pythons
  7 bats
  4 giant cockroaches
  5 hobgoblins
  3 jackals (D:1)
  A quokka (D:3)
  5 goblins
  11 kobolds
  9 rats
85 creatures vanquished.

Notes
Turn   | Place    | Note
--------------------------------------------------------------
     0 | D:1      | Iamburgie the Troll Hunter began the quest for the Orb.
     0 | D:1      | Reached XP level 1. HP: 19/19 MP: 0/0
   176 | D:1      | Reached XP level 2. HP: 26/27 MP: 1/1
   184 | D:1      | Reached skill level 3 in Crossbows
   676 | D:1      | Reached XP level 3. HP: 30/33 MP: 2/2
  1088 | D:2      | Found a stormy altar of Qazlal.
  1462 | D:3      | Reached XP level 4. HP: 42/42 MP: 3/3
  2095 | D:4      | Noticed Azathoth19's ghost (novice OpTm)
  2183 | D:4      | Found a glowing drain.
  2206 | D:3      | Reached XP level 5. HP: 10/50 MP: 4/4
  2305 | Sewer    | Entered a sewer
  2490 | Sewer    | Reached skill level 4 in Crossbows
  2580 | Sewer    | Reached XP level 6. HP: 30/61 MP: 5/5
  2845 | D:4      | Found a shattered altar of Ashenzari.
  2848 | D:4      | Found a white marble altar of Elyvilon.
  2858 | D:4      | Found a deep blue altar of Sif Muna.
  2861 | D:4      | Found a sparkling altar of Nemelex Xobeh.
  2940 | D:4      | Slain by Azathoth19's ghost

Skill      XL: |  1  2  3  4  5 |
---------------+----------------+-----
Crossbows      | 3 4 |  4.3
Fighting       | 2 3 |  3.9
Dodging        | |  1.8
Stealth        | |  0.4
Unarmed Combat | |  0.2

Action                   |  1- 3 |  4- 6 || total
-------------------------+-------+-------++-------
Melee: Unarmed           |   102 |   275 ||   377
 Fire: Hand crossbow     |     4 |     8 ||    12
Evoke: Wand              |       |     1 ||     1
 Stab: Sleeping          |     1 |       ||     1
  Eat: Chunk             |    17 |    16 ||    33
Armor: Robe              |    47 |    78 ||   125
Dodge: Dodged            |    66 |   111 ||   177
